 Dungeon Crawl Stone Soup version 0.16.2-12-gd0ad4c3 (webtiles) character file.

316475 faibistes the Eclecticist (level 20, -5/117 HPs)
             Began as a Deep Elf Wizard on Mar 13, 2019.
             Was the Champion of Sif Muna.
             Slain by an ettin
             ... wielding a +0 dire flail
              (44 damage)
             ... on level 2 of the Vaults on Mar 14, 2019.
             The game lasted 04:29:59 (79368 turns).

faibistes the Eclecticist (Deep Elf Wizard)        Turns: 79368, Time: 04:29:59

Health: -5/117     AC: 15    Str:  7    XL:     20   Next: 53%
Magic:  25/45      EV: 19    Int: 36    God:    Sif Muna [******]
Gold:   2583       SH:  0    Dex: 16    Spells: 10 memorised, 5 levels left

rFire  + + +     SeeInvis .     w - staff of fire
rCold  . . .     Clarity  +     b - +0 robe of Fashionability {+Inv rN+}
rNeg   + + .     SustAb   .     (no shield)
rPois  .         Gourm    .     Z - +2 helmet of the Kettle-Drum {rElec rC+}
rElec  +         Spirit   .     c - +2 cloak
rCorr  .         Warding  .     t - +2 pair of gloves {Str+3}
rMut   .         Stasis   .     e - +3 pair of boots of the Grue {rElec Dex+3}
MR     +++++                    a - amulet of the Four Winds {Clar rN+ MR+++}
Stlth  ++........               M - ring "Xygh" {rC+ MR+ Int+3 Slay+3}
                                k - ring of wizardry

@: immune to fire clouds, deflect missiles, almost entirely resistant to hostile
enchantments, unstealthy
A: no striking features
a: Channel Energy, Forget Spell, Renounce Religion, Evoke Invisibility
}: 2/15 runes: decaying, serpentine


You were on level 2 of the Vaults.
You worshipped Sif Muna.
Sif Muna was exalted by your worship.
You were hungry.

You visited 8 branches of the dungeon, and saw 43 of its levels.
You also visited: Trove and Sewer.

You collected 3681 gold pieces.
You spent 1098 gold pieces at shops.

Inventory:

Hand weapons
 W - the +3 spear "Rufoemic" {flame, rC+ SInv}
   (You took it off an orc priest on level 12 of the Dungeon)

   It has been specially enchanted to burn those struck by it, causing extra
   injury to most foes and up to half again as much damage against particularly
   susceptible opponents.
   It protects you from cold.
   It enhances your eyesight.
Armour
 b - the +0 robe of Fashionability (worn) {+Inv rN+}
   (You bought it in a shop on level 4 of the Orcish Mines)

   It protects you from negative energy.
   It lets you turn invisible.
 c - a +2 cloak (worn)
 e - the +3 pair of boots of the Grue (worn) {rElec Dex+3}
   (You found it in a treasure trove)

   It affects your dexterity (+3).
   It insulates you from electricity.
 t - a +2 pair of gloves of strength (worn)
 Z - the +2 helmet of the Kettle-Drum (worn) {rElec rC+}
   (You bought it in a shop on level 4 of the Orcish Mines)

   It protects you from cold.
   It insulates you from electricity.
Magical staves
 w - an uncursed staff of fire (weapon)
 F - an uncursed staff of earth
Jewellery
 a - the amulet of the Four Winds (around neck) {Clar rN+ MR+++}
   (You found it in a treasure trove)

   [amulet of clarity]

   It provides mental clarity.
   It protects you from negative energy.
   It affects your resistance to hostile enchantments.
 k - a ring of wizardry (left hand)
 C - an uncursed ring of poison resistance
 M - the ring "Xygh" (right hand) {rC+ MR+ Int+3 Slay+3}
   (You took it off an orc on level 9 of the Dungeon)

   [ring of protection from magic]

   It affects your intelligence (+3).
   It affects your accuracy and damage with ranged weapons and melee attacks
   (+3).
   It protects you from cold.
   It affects your resistance to hostile enchantments.
 N - an uncursed amulet of warding
Magical devices
 f - a wand of fireball (5)
 p - a wand of fireball (7)
 B - a wand of lightning (7)
 G - a wand of cold (7)
 H - a wand of fire (5)
 I - a wand of invisibility (7)
 J - a wand of lightning (5)
 O - a wand of disintegration (17)
 V - a wand of teleportation (4)
 X - a wand of digging (17)
Scrolls
 g - 5 scrolls of blinking
 n - 10 scrolls of remove curse
 v - 3 scrolls of fear
 y - 3 scrolls of teleportation
 z - 6 scrolls of magic mapping
 A - 24 scrolls of identify
 Q - 6 scrolls of immolation
 T - 2 scrolls of summoning
 U - 3 scrolls of fog
 Y - 6 scrolls of recharging
Potions
 h - 10 potions of curing
 i - 3 potions of restore abilities
 j - 6 potions of haste
 l - 2 potions of resistance
 m - 2 potions of heal wounds
 q - 2 potions of cure mutation
 r - a potion of magic
 x - 2 potions of flight
 E - 5 potions of cancellation
 K - 2 potions of invisibility
 R - 2 potions of ambrosia
 S - 2 potions of brilliance
Miscellaneous
 D - a phial of floods
Comestibles
 d - 22 bread rations
 o - 25 fruits
 s - 15 meat rations
 u - 2 chunks of flesh


   Skills:
 + Level 10.1 Fighting
 - Level 10.0 Dodging
 - Level 2.4 Stealth
 * Level 20.5 Spellcasting
 * Level 16.0 Conjurations
 - Level 11.0 Charms
   Level 1.1 Summonings
   Level 3.0 Necromancy
 - Level 11.0 Translocations
   Level 3.1 Transmutations
 * Level 15.7 Fire Magic
 - Level 3.6 Air Magic
 * Level 15.6 Earth Magic
   Level 2.9 Poison Magic
 - Level 10.5 Invocations
 - Level 9.0 Evocations


You had 5 spell levels left.
You knew the following spells:

 Your Spells              Type           Power        Failure   Level  Hunger
a - Magic Dart            Conj           ####         0%          1    None
b - Ring of Flames        Chrm/Fire      ########..   1%          7    None
c - Iskenderun's Battles  Conj/Chrm      #######.     1%          5    None
d - Controlled Blink      Tloc           N/A          4%          7    None
f - Deflect Missiles      Chrm/Air       ######....   4%          6    None
h - Haste                 Chrm           #######.     1%          6    None
j - Lehudib's Crystal Sp  Conj/Erth      ########..   4%          8    ###....
v - Bolt of Fire          Conj/Fire      ########..   1%          6    None
x - Force Lance           Conj/Tloc      #######.     1%          4    None
z - Fireball              Conj/Fire      ########..   1%          5    None


Dungeon Overview and Level Annotations

Branches:
Dungeon (15/15)            Temple (1/1) D:7            Lair (8/8) D:8
  Swamp (5/5) Lair:4        Snake (5/5) Lair:5        Slime (0/6) Lair:6
    Orc (4/4) D:12            Elf (2/3) Orc:3        Vaults (3/5) D:13
  Crypt (0/3) Vaults:2     Depths (0/5) D:15

Altars:
Ashenzari
Cheibriados
Dithmenos
Elyvilon
Fedhas
Gozag
Kikubaaqudgha
Makhleb
Nemelex Xobeh
Okawaru
Qazlal
Ru
Sif Muna
Trog
Vehumet
Xom
Yredelemnul
Zin
The Shining One
Beogh
Jiyva

Shops:
D:15 *   Orc:3 =   Orc:4 %[*:


Message History

Use which ability? (? or * to list)
You channel some magical energy.
You are feeling hungry.
The ettin is engulfed in roaring flames.
Your ring of flames gutters out.
Use which ability? (? or * to list)
You channel some magical energy.
You feel somewhat more hungry.
The ettin is engulfed in roaring flames.
Really walk into that cloud of flame? [Y]es or [N]o only, please.
Really walk into that cloud of flame?
Okay, then.
Unknown command.
Unknown command.
Casting: Ring of Flames
Confirm with . or Enter, or press ? or * to list all spells.
You feel a surge of power! The air around you leaps into flame!
The ettin is engulfed in roaring flames.
The ettin hits you with a dire flail!!! x2
You die...

.)...............................
.................................
..................:..............
##########.......................
#.......................
#.......###############.
#.......# #. #)....§§# #.
#.....§@# #. #.....§C# #.
#.......# #. #......§# #.
#......§# #. #.......# #.
#......u# #.
#......u###############.
..........§u....uu.......


You could see a cyan very ugly thing, a cyan ugly thing and an ettin.

Vanquished Creatures
  Norris (Swamp:2)
  Saint Roka (Elf:2)
  Frederick (Vaults:2)
  A bone dragon (Vaults:2)
  A lich (Vaults:1)
  Rupert (Elf:1)
  Agnes (Swamp:2)
  2 thorn hunters
  An ancient champion (Vaults:2)
  4 vault wardens
  6 greater nagas (Snake:5)
  Donald (Vaults:1)
  Aizul (Elf:2)
  Louise (Swamp:2)
  The ghost of faibistes the Eclecticist, a mighty DEWz of Sif Muna (Snake:1)
  2 deep elf sorcerers
  2 fire giants
  10 ironheart preservers
  A war gargoyle (Vaults:1)
  Jorgrun (Vaults:1)
  2 stone giants
  A very ugly thing (Vaults:1)
  A deep elf demonologist (Vaults:1)
  Snorg (Orc:3)
  A deep elf death mage (Vaults:1)
  4 vault guards
  7 yaktaur captains (Vaults:1)
  Josephine (D:13)
  2 ice dragons
  2 fire dragons
  A deep elf high priest (Elf:1)
  Harold (Elf:1)
  2 great orbs of eyes
  2 deep troll earth magi
  17 naga warriors
  7 anacondas
  6 centaur warriors
  6 alligators
  Erica (Lair:1)
  A catoblepas (Lair:8)
  15 hydras
  3 ghost crabs
  15 dancing weapons (Elf:2)
  4 tengu warriors
  10 death yaks
  2 deep troll shamans (Vaults:1)
  16 naga sharpshooters
  5 ogre magi
  Urug (Orc:3)
  10 shock serpents
  6 orc high priests (Orc:4)
  Nergalle (D:13)
  16 deep elf knights
  A spriggan rider (Swamp:5)
  A hell knight (Vaults:1)
  5 sea snakes (Snake:2)
  4 skeletal warriors (Vaults:2)
  A salamander mystic (Snake:4)
  4 unseen horrors
  4 spriggan druids
  A flayed ghost (Vaults:2)
  Erolcha (Orc:2)
  6 swamp dragons
  4 deep trolls
  2 shambling mangroves
  9 deep elf summoners
  4 harpies (Vaults:1)
  9 hill giants
  2 wizards (D:13)
  16 orc knights
  14 deep elf conjurers
  A lindwurm (Lair:8)
  2 necromancers (D:13)
  A naga ritualist (Snake:5)
  2 ironbrand convokers (Vaults:1)
  18 ugly things
  2 orc sorcerers
  3 mana vipers
  3 salamanders
  8 griffons
  28 spiny frogs
  16 slime creatures
  3 hornets
  2 manticores
  2 wolf spiders (Vaults:1)
  A wolf spider (shapeshifter) (D:12)
  16 elephants
  8 vault sentinels
  15 naga magi
  Joseph (Orc:3)
  5 cyclopes
  2 guardian serpents
  A guardian serpent (shapeshifter) (D:13)
  18 black mambas
  3 gargoyles
  2 torpor snails
  71 nagas
  8 komodo dragons
  5 fire drakes
  4 freezing wraiths (Swamp:5)
  A demonic crawler (Elf:1)
  7 deep elf priests
  2 tengu conjurers (D:15)
  A redback zombie (D:14)
  9 yaktaurs
  8 trolls
  A jumping spider (Vaults:2)
  4 giant leeches
  A sea snake skeleton (Snake:3)
  Sonja (D:13)
  3 boulder beetles
  14 blink frogs
  19 ravens
  2 polar bears
  A blue devil (Orc:4)
  8 bog bodies
  3 wandering mushrooms (D:8)
  7 basilisks
  A trapdoor spider (D:13)
  4 shadows
  A baby alligator (Swamp:5)
  11 two-headed ogres
  22 deep elf magi
  2 redbacks
  9 spriggans
  6 wraiths
  19 humans (D:13)
  3 tarantellas
  A redback (shapeshifter) (Elf:2)
  2 wyverns
  5 swamp worm simulacra (Swamp:5)
  54 yaks
  17 wolves
  A black mamba skeleton (Lair:8)
  A hippogriff (shapeshifter) (D:14)
  Grum (Orc:1)
  22 vampire mosquitoes
  2 wargs (Orc:3)
  4 hungry ghosts
  2 steam dragons (Lair:8)
  25 swamp worms
  22 deep elf fighters
  16 hippogriffs
  24 water moccasins
  A spiny frog zombie (Lair:3)
  13 hydra simulacra (Swamp:5)
  3 mottled dragons
  6 porcupines
  12 insubstantial wisps
  3 raven skeletons
  A soldier ant (D:13)
  9 ice beasts
  8 wasps
  10 swamp drakes
  A necrophage (D:11)
  30 ogres
  52 orc warriors
  7 boggarts
  A spiny frog skeleton (Swamp:5)
  4 black bears
  20 crocodiles
  A phantom (D:6)
  9 centaurs
  4 sky beasts
  2 elephant skeletons
  A blink frog skeleton (Lair:8)
  Duvessa (Orc:1)
  2 big kobolds (D:10)
  A fire drake skeleton (Lair:5)
  4 scorpions
  24 giant frogs
  A water moccasin skeleton (Snake:5)
  2 yak zombies (Lair:2)
  2 spriggan skeletons (Swamp:5)
  10 wights
  An orc simulacrum (Vaults:1)
  4 crimson imps
  11 killer bees
  2 electric eels (Lair:4)
  A goliath beetle (D:10)
  3 giant frog zombies
  Dowan (Orc:1)
  A quasit (D:10)
  5 centaur skeletons
  47 orc priests
  6 giant frog skeletons
  8 iguanas
  5 hounds
  5 jellies
  37 orc wizards
  5 worker ants
  3 hell rats
  10 sheep
  A crocodile zombie (Lair:2)
  Ijyb (D:4)
  An elf simulacrum (Vaults:1)
  An ogre zombie (D:9)
  A crocodile skeleton (Lair:6)
  4 naga skeletons (Snake:5)
  A hound skeleton (Lair:2)
  A mummy (D:9)
  4 gnolls
  Natasha (twice) (D:3)
  27 adders
  35 river rats
  3 shadow imps
  6 giant mites
  3 worms
  3 swamp drake simulacra (Swamp:5)
  An iguana skeleton (D:8)
  3 adder skeletons
  An ooze (D:1)
  200 orcs
  14 bats
  12 giant cockroaches
  17 hobgoblins
  3 ball pythons
  8 giant geckos
  A giant gecko skeleton (D:4)
  11 giant newts
  3 giant spores
  18 goblins
  12 jackals
  26 kobolds
  A kobold skeleton (D:8)
  4 orc skeletons
  2 orc zombies (D:9)
  11 quokkas
  A quokka skeleton (Lair:3)
  23 rats
  2 rat skeletons
  2 river rat skeletons
  7 ballistomycetes
  A briar patch (Swamp:3)
  5 plants
1801 creatures vanquished.

Vanquished Creatures (collateral kills)
  A thorn hunter (Swamp:3)
  A greater naga (Snake:5)
  A deep elf death mage (Elf:2)
  A hydra (Lair:4)
  A centaur warrior (D:9)
  3 death yaks (Lair:8)
  A deep elf knight (Elf:2)
  2 naga ritualists
  A mana viper (Snake:3)
  A salamander (Snake:4)
  4 deep elf conjurers
  A manticore (Lair:8)
  5 black mambas
  5 elephants
  A guardian serpent (Snake:2)
  A gargoyle (D:10)
  4 spiny frogs
  A naga mage (Snake:3)
  2 fire drakes
  5 blink frogs
  A boulder beetle (Lair:8)
  A bog body (Swamp:3)
  A basilisk (Lair:8)
  A slime creature (Swamp:1)
  2 deep elf magi (Elf:1)
  3 yaks
  4 hippogriffs
  6 wolves
  6 nagas
  A swamp worm (Swamp:1)
  A water moccasin (Snake:3)
  3 porcupines
  A hydra simulacrum (Swamp:5)
  4 ice beasts (Lair:2)
  A scorpion (D:10)
  9 crocodiles
  A wandering mushroom (D:8)
  4 giant frogs
  A jelly (D:10)
  2 oklob saplings (D:8)
  2 wights (D:10)
  3 crimson imps
  4 hounds
  A centaur skeleton (D:9)
  9 orc wizards
  7 orc priests
  A giant frog skeleton (D:9)
  A hell rat (Elf:1)
  Natasha (D:3)
  2 iguanas
  11 sheep
  6 river rats
  6 adders
  A giant mite (D:3)
  A worm (D:2)
  An adder zombie (D:10)
  37 orcs
  A giant cockroach (D:1)
  3 jackals (D:1)
  2 quokkas
  4 goblins
  25 fungi
  11 plants
235 creatures vanquished.

Vanquished Creatures (others)
  An alligator (Swamp:5)
  A deep elf summoner (Elf:1)
  3 anaconda skeletons
  2 shock serpent skeletons
  2 death yak skeletons (Lair:8)
  A hydra skeleton (Swamp:1)
  3 baby alligators (Swamp:5)
  A bog body (Swamp:5)
  2 ugly thing skeletons
  A deep elf mage (Elf:1)
  An alligator skeleton (Swamp:4)
  A spiny frog zombie (Lair:3)
  6 black mamba skeletons
  2 spriggan skeletons
  2 hill giant skeletons
  2 raven skeletons
  40 naga skeletons
  3 spiny frog skeletons
  A swamp dragon skeleton (Swamp:4)
  2 human skeletons
  2 blink frog skeletons
  5 elephant skeletons
  A fire drake skeleton (Lair:7)
  2 komodo dragon skeletons
  2 water moccasin zombies
  2 salamander skeletons
  A wyvern skeleton (D:12)
  A cyclops skeleton (D:12)
  7 water moccasin skeletons
  6 yak zombies
  A hippogriff zombie (Lair:2)
  A killer bee (D:8)
  7 hippogriff skeletons
  3 troll skeletons
  4 yak skeletons
  3 wolf skeletons
  3 wolf zombies
  A centaur zombie (D:10)
  3 giant frog skeletons
  A crimson imp (D:6)
  2 basilisk skeletons (Lair:8)
  2 porcupine skeletons
  A sky beast zombie (D:10)
  2 crocodile zombies (Lair:2)
  A big kobold skeleton (D:10)
  4 ogre skeletons
  5 crocodile skeletons (Lair:8)
  A hound skeleton (D:12)
  34 elf skeletons
  2 swamp drake skeletons (Swamp:5)
  A gnoll skeleton (Orc:1)
  A sheep skeleton (Lair:8)
  7 adder skeletons
  99 orc skeletons
  An orc (D:6)
  2 bat skeletons
  A giant spore (D:15)
  3 goblin skeletons (Orc:4)
  3 hobgoblin skeletons
  A jackal skeleton (D:9)
  A kobold skeleton (D:10)
  2 quokka skeletons
  A rat (D:6)
  2 river rat skeletons
  23 fungi
  33 plants
368 creatures vanquished.

Grand Total: 2404 creatures vanquished

Notes
Turn   | Place    | Note
--------------------------------------------------------------
     0 | D:1      | faibistes, the Deep Elf Wizard, began the quest for the Orb.
     0 | D:1      | Reached XP level 1. HP: 10/10 MP: 6/6
     2 | D:1      | Noticed an electric eel
   286 | D:1      | Reached XP level 2. HP: 15/15 MP: 1/9
   359 | D:1      | Learned a level 2 spell: Blink
   362 | D:1      | Learned a level 2 spell: Call Imp
   420 | D:2      | Found a blossoming altar of Fedhas.
   840 | D:2      | Reached skill level 5 in Spellcasting
   840 | D:2      | Reached XP level 3. HP: 19/19 MP: 7/14
   877 | D:2      | Learned a level 3 spell: Conjure Flame
   881 | D:2      | Learned a level 3 spell: Mephitic Cloud
  1424 | D:3      | Noticed Natasha
  1437 | D:3      | Killed Natasha
  1496 | D:2      | Reached XP level 4. HP: 13/24 MP: 12/17
  1627 | D:2      | Learned a level 2 spell: Repel Missiles
  2351 | D:2      | Found a snail-covered altar of Cheibriados.
  2356 | D:2      | Reached skill level 6 in Spellcasting
  2356 | D:2      | Reached XP level 5. HP: 28/28 MP: 14/20
  2619 | D:2      | Found a glowing golden altar of the Shining One.
  2757 | D:3      | Noticed Natasha
  2800 | D:3      | Killed Natasha
  2975 | D:4      | Reached skill level 1 in Evocations
  3051 | D:4      | Reached skill level 1 in Fighting
  3135 | D:4      | Found a glowing drain.
  3166 | Sewer    | Entered a sewer
  3217 | Sewer    | Reached XP level 6. HP: 34/34 MP: 18/22
  3549 | Sewer    | Reached skill level 7 in Spellcasting
  4076 | D:3      | Reached XP level 7. HP: 37/40 MP: 6/25
  4312 | D:3      | Noticed Natasha
  4313 | D:3      | Killed Natasha
  4486 | D:5      | Entered Level 5 of the Dungeon
  4567 | D:4      | Noticed Ijyb
  4576 | D:4      | Killed Ijyb
  4930 | D:4      | Reached skill level 8 in Spellcasting
  5955 | D:7      | Reached skill level 5 in Dodging
  5968 | D:7      | Reached XP level 8. HP: 46/46 MP: 15/28
  6175 | D:8      | Reached skill level 9 in Spellcasting
  6505 | D:6      | Learned a level 4 spell: Leda's Liquefaction
  6914 | D:7      | Found a staircase to the Ecumenical Temple.
  6926 | Temple   | Entered the Ecumenical Temple
  6934 | Temple   | Became a worshipper of Sif Muna the Loreminder
  6996 | D:7      | Reached skill level 10 in Spellcasting
  7274 | D:6      | Reached skill level 1 in Air Magic
  7392 | D:6      | Learned a level 1 spell: Animate Skeleton
  7432 | D:6      | Reached skill level 1 in Fire Magic
  7432 | D:6      | Reached XP level 9. HP: 43/52 MP: 14/30
  7580 | D:6      | Reached skill level 1 in Poison Magic
  7695 | D:6      | Acquired Sif Muna's first power
  7695 | D:6      | Reached skill level 1 in Earth Magic
  8815 | D:8      | Found a shadowy altar of Dithmenos.
  8985 | D:8      | Found a staircase to the Lair.
  9213 | D:10     | Entered Level 10 of the Dungeon
  9217 | D:11     | Noticed a hill giant
  9219 | D:11     | Noticed a gargoyle
  9226 | D:10     | Killed a hill giant
  9226 | D:10     | Acquired Sif Muna's second power
  9226 | D:10     | Reached skill level 5 in Conjurations
  9500 | D:10     | Killed a gargoyle
 10004 | D:8      | Noticed a wandering mushroom
 10136 | D:8      | Noticed a cyan ugly thing
 10153 | D:8      | Killed a cyan ugly thing
 10153 | D:8      | Reached skill level 11 in Spellcasting
 10153 | D:8      | Reached XP level 10. HP: 30/58 MP: 12/32
 10210 | D:8      | Learned a level 4 spell: Animate Dead
 10672 | D:8      | Reached skill level 1 in Necromancy
 10691 | D:8      | Reached skill level 1 in Invocations
 11027 | D:8      | Reached skill level 1 in Charms
 11273 | D:8      | Found an ancient bone altar of Kikubaaqudgha.
 11350 | D:8      | Noticed a wandering mushroom
 12061 | D:9      | Found a bloodstained altar of Trog.
 12605 | D:9      | Got a glittering lapis lazuli ring
 12607 | D:9      | Identified the ring "Xygh" {rC+ MR+ Int+3 Slay+3} (You took it off an orc on level 9 of the Dungeon)
 12730 | D:10     | Reached skill level 5 in Fire Magic
 12740 | D:10     | Reached skill level 5 in Evocations
 12753 | D:10     | Acquired Sif Muna's third power
 12906 | D:9      | Found a sparkling altar of Nemelex Xobeh.
 13643 | D:10     | Reached XP level 11. HP: 51/62 MP: 10/33
 14305 | D:9      | Noticed a centaur warrior
 14322 | D:9      | Killed a centaur warrior
 14322 | D:9      | Reached skill level 5 in Earth Magic
 14746 | D:8      | Killed a wandering mushroom
 14864 | D:8      | Found a blossoming altar of Fedhas.
 14864 | D:8      | Noticed a wandering mushroom
 14864 | D:8      | Noticed a wandering mushroom
 14880 | D:8      | Killed a wandering mushroom
 14894 | D:8      | Killed a wandering mushroom
 14984 | D:8      | Killed a wandering mushroom
 15403 | Lair:1   | Entered Level 1 of the Lair of Beasts
 15438 | Lair:1   | Reached skill level 12 in Spellcasting
 15444 | Lair:1   | Reached skill level 5 in Fighting
 15634 | Lair:1   | Noticed Erica
 15657 | Lair:1   | Killed Erica
 16906 | Lair:2   | HP: 2/63 [river rat (9)]
 17393 | Lair:3   | Found a frozen archway.
 18959 | Lair:2   | Noticed a six-headed hydra
 18966 | Lair:2   | Killed a six-headed hydra
 19382 | Lair:2   | Reached XP level 12. HP: 68/68 MP: 32/35
 19818 | Lair:4   | Reached skill level 5 in Invocations
 19890 | Lair:3   | Received a gift from Sif Muna
 19890 | Lair:3   | Reached skill level 13 in Spellcasting
 19890 | Lair:3   | Reached skill level 5 in Charms
 19890 | Lair:3   | Reached XP level 13. HP: 72/74 MP: 34/36
 19891 | Lair:3   | Identified Sif Muna's Collected Works on Blows and Bruises and Dislocation (Sif Muna gifted it to you on level 3 of the Lair of Beasts)
 19897 | Lair:3   | Learned a level 4 spell: Force Lance
 19903 | Lair:3   | Learned a level 5 spell: Iskenderun's Battlesphere
 22621 | Lair:4   | Received a gift from Sif Muna
 22638 | Lair:4   | Learned a level 5 spell: Fireball
 22739 | Lair:2   | Learned a level 5 spell: Ignite Poison
 23318 | Lair:4   | Noticed an eight-headed hydra
 23326 | Lair:4   | Killed an eight-headed hydra
 23326 | Lair:4   | Reached skill level 1 in Transmutations
 23652 | Lair:4   | Found a staircase to the Swamp.
 24482 | Lair:5   | Found a staircase to the Snake Pit.
 24511 | Lair:5   | Reached skill level 5 in Translocations
 25741 | Lair:6   | Found a staircase to the Slime Pits.
 25945 | Lair:7   | Reached XP level 14. HP: 67/80 MP: 22/37
 26421 | Lair:8   | Entered Level 8 of the Lair of Beasts
 26447 | Lair:8   | Reached skill level 14 in Spellcasting
 26581 | Lair:8   | Received a gift from Sif Muna
 26906 | Lair:2   | Learned a level 6 spell: Iron Shot
 26911 | Lair:2   | Learned a level 4 spell: Airstrike
 27530 | Lair:6   | Found a viscous altar of Jiyva.
 29062 | Lair:7   | Found an iron altar of Okawaru.
 31836 | Lair:8   | Reached skill level 10 in Conjurations
 32211 | Lair:8   | Reached skill level 10 in Dodging
 32580 | D:10     | Received a gift from Sif Muna
 32583 | D:10     | Identified Sif Muna's Catalogue of Feathery Conjuration (Sif Muna gifted it to you on level 10 of the Dungeon)
 32714 | D:12     | Reached XP level 15. HP: 85/85 MP: 29/39
 32726 | D:12     | Reached skill level 15 in Spellcasting
 32915 | D:12     | Reached skill level 10 in Earth Magic
 33555 | D:10     | Reached skill level 10 in Fire Magic
 34351 | D:11     | Noticed a purple ugly thing
 34355 | D:11     | Noticed a hill giant
 34368 | D:11     | Killed a purple ugly thing
 34375 | D:11     | Killed a hill giant
 34695 | D:11     | Found a bloodstained altar of Trog.
 34754 | D:11     | Identified a scroll of acquirement
 34755 | D:11     | Identified Lee's Volume of Clay (You acquired it on level 11 of the Dungeon)
 35348 | D:12     | Found a staircase to the Orcish Mines.
 36318 | D:12     | Got a scorched spear
 36319 | D:12     | Identified the cursed +3 spear "Rufoemic" {flame, rC+ SInv} (You took it off an orc priest on level 12 of the Dungeon)
 36443 | Orc:1    | Entered Level 1 of the Orcish Mines
 36443 | Orc:1    | Noticed Grum
 36519 | Orc:1    | Killed Grum
 36743 | Orc:3    | Noticed Joseph
 36747 | Orc:3    | Killed Joseph
 36865 | Orc:4    | Entered Level 4 of the Orcish Mines
 37115 | Orc:2    | Found a roughly hewn altar of Beogh.
 37282 | Orc:3    | Noticed Urug
 37329 | Orc:3    | Found Shraet's Jewellery Shoppe.
 37418 | Orc:3    | Found a staircase to the Elven Halls.
 37423 | Orc:3    | Killed Urug
 37591 | Orc:3    | Noticed Snorg
 37593 | Orc:3    | Killed Snorg
 38169 | Orc:2    | Noticed Erolcha
 38547 | Orc:2    | Killed Erolcha
 38730 | Orc:1    | Noticed Duvessa
 38730 | Orc:1    | Noticed Dowan
 38745 | Orc:1    | Killed Dowan
 38753 | Orc:1    | Killed Duvessa
 38896 | Orc:1    | Your ally Grum died
 39269 | Orc:1    | Your ally Duvessa died
 39290 | Orc:1    | Your ally Dowan died
 39935 | Orc:4    | Found a roughly hewn altar of Beogh.
 40888 | Orc:4    | Received a gift from Sif Muna
 40921 | Orc:4    | Identified Sif Muna's Papyrus of Combat Magic (Sif Muna gifted it to you on level 4 of the Orcish Mines)
 42144 | Orc:4    | Found Kaduck's Food Shoppe.
 42144 | Orc:4    | Found Tiuwic's General Store.
 42144 | Orc:4    | Found Etsol's Antique Armour Shoppe.
 42145 | Orc:4    | Found Cloas' Book Shoppe.
 42152 | Orc:4    | Bought the +2 helmet of the Kettle-Drum {rElec rC+} for 532 gold pieces
 42165 | Orc:4    | Bought a crude robe for 142 gold pieces
 42175 | Orc:4    | Identified the cursed +0 robe of Fashionability {+Inv rN+} (You bought it in a shop on level 4 of the Orcish Mines)
 42177 | Orc:4    | Bought a glowing cloak for 112 gold pieces
 42419 | Lair:2   | Learned a level 6 spell: Deflect Missiles
 42610 | Elf:1    | Entered Level 1 of the Elven Halls
 42787 | Elf:1    | Noticed Rupert
 42823 | Elf:1    | Killed Rupert
 42823 | Elf:1    | Reached skill level 10 in Invocations
 42972 | Elf:2    | Noticed Aizul
 42979 | Elf:2    | Killed Aizul
 43323 | Elf:1    | Identified the Catalogue of Attacks and Poison
 43557 | Elf:1    | Reached skill level 16 in Spellcasting
 43569 | Elf:1    | Reached XP level 16. HP: 92/92 MP: 4/40
 44596 | Elf:1    | You fall through a shaft!
 44631 | Elf:2    | Received a gift from Sif Muna
 44785 | Elf:2    | Found a runed gate.
 44786 | Elf:2    | Found a runed gate.
 44795 | Elf:2    | Found a runed gate.
 44993 | Elf:1    | Noticed Harold
 45000 | Elf:1    | Killed Harold
 45019 | Elf:1    | Your ally Harold died
 45759 | Elf:2    | Found a portal to a secret trove of treasure.
 46595 | Elf:2    | Noticed Saint Roka
 47008 | Elf:2    | Killed Saint Roka
 47826 | Elf:2    | Received a gift from Sif Muna
 47830 | Elf:2    | Identified Sif Muna's Reference Book on the Traveller (Sif Muna gifted it to you on level 2 of the Elven Halls)
 48311 | Lair:2   | Learned a level 6 spell: Bolt of Fire
 48397 | Snake:1  | Entered Level 1 of the Snake Pit
 48838 | Snake:1  | Noticed faibistes' ghost (mighty DEWz)
 48843 | Snake:1  | Killed faibistes' ghost
 48843 | Snake:1  | Reached skill level 17 in Spellcasting
 49878 | Snake:2  | Reached XP level 17. HP: 79/97 MP: 17/41
 51017 | Snake:3  | Found a burning altar of Makhleb.
 51191 | Snake:3  | Received a gift from Sif Muna
 51192 | Snake:3  | Identified Sif Muna's Grimoire of Earthen Talismans (Sif Muna gifted it to you on level 3 of the Snake Pit)
 51370 | Snake:3  | Learned a level 7 spell: Ring of Flames
 51709 | Snake:5  | Entered Level 5 of the Snake Pit
 51806 | Snake:5  | Lost strength.
 53036 | Snake:3  | Reached skill level 10 in Charms
 54101 | Elf:2    | You paid a toll of a wand of hasting (9) to enter a treasure trove
 54102 | Trove    | Entered a treasure trove
 54159 | Trove    | Got a pair of warped boots
 54160 | Trove    | Identified the +3 pair of boots of the Grue {rElec Dex+3} (You found it in a treasure trove)
 56063 | Snake:5  | Reached skill level 18 in Spellcasting
 57426 | Snake:5  | Received a gift from Sif Muna
 57427 | Snake:5  | Identified Otipnit's Handbook of the Rocks (Sif Muna gifted it to you on level 5 of the Snake Pit)
 58188 | Snake:5  | Reached XP level 18. HP: 86/104 MP: 23/43
 58285 | Snake:5  | Got a serpentine rune of Zot
 59042 | Swamp:1  | Entered Level 1 of the Swamp
 59563 | Swamp:2  | Noticed Norris
 59578 | Swamp:2  | Killed Norris
 60280 | Swamp:2  | Received a gift from Sif Muna
 60282 | Swamp:2  | Identified Sif Muna's Incunabulum of Translocation (Sif Muna gifted it to you on level 2 of the Swamp)
 60302 | Swamp:2  | Your ally Norris died
 60461 | Lair:2   | Learned a level 6 spell: Haste
 61374 | Swamp:2  | Noticed Louise
 61378 | Swamp:2  | Killed Louise
 61465 | Swamp:2  | Noticed Agnes
 61474 | Swamp:2  | Killed Agnes
 64023 | Swamp:5  | Entered Level 5 of the Swamp
 64025 | Swamp:5  | Reached skill level 19 in Spellcasting
 66109 | Swamp:5  | Received a gift from Sif Muna
 66110 | Swamp:5  | Identified Sif Muna's Handbook of Assistive Attacks (Sif Muna gifted it to you on level 5 of the Swamp)
 66611 | Swamp:5  | Got a steaming rapier
 66612 | Swamp:5  | Identified the +6 rapier of Watchfulness {drain, Dex+4} (You found it on level 5 of the Swamp)
 67725 | Swamp:5  | Got a decaying rune of Zot
 67968 | Lair:2   | Learned a level 7 spell: Controlled Blink
 67976 | Lair:2   | Learned a level 6 spell: Iron Shot
 67987 | Lair:2   | Learned a level 8 spell: Lehudib's Crystal Spear
 68480 | D:13     | Reached XP level 19. HP: 110/110 MP: 4/44
 68852 | D:13     | Noticed Nergalle
 68854 | D:13     | Killed Nergalle
 69134 | D:13     | Noticed Sonja
 69136 | D:13     | Killed Sonja
 69452 | D:13     | Noticed Josephine
 69454 | D:13     | Killed Josephine
 69711 | D:13     | Found a gate to the Vaults.
 69732 | D:13     | Identified Crilit's Collected Works on Sinister Magic and Conjuration (You acquired it on level 13 of the Dungeon)
 70406 | D:15     | Entered Level 15 of the Dungeon
 72460 | D:15     | Found Yqamef's General Store.
 72463 | D:15     | Bought a potion of haste for 160 gold pieces
 72463 | D:15     | Bought a scroll of summoning for 152 gold pieces
 72472 | D:15     | Found a staircase to the Depths.
 72484 | D:15     | Received a gift from Sif Muna
 72485 | D:15     | Identified Sif Muna's Reference Book on Conjuration (Sif Muna gifted it to you on level 15 of the Dungeon)
 73049 | Vaults:1 | Entered Level 1 of the Vaults
 73486 | Vaults:1 | Reached skill level 15 in Conjurations
 73755 | Vaults:1 | Reached skill level 10 in Translocations
 74190 | Vaults:1 | Reached skill level 15 in Fire Magic
 74375 | Vaults:1 | Noticed Jorgrun
 74379 | Vaults:1 | Killed Jorgrun
 75212 | Vaults:1 | Reached skill level 20 in Spellcasting
 75236 | Vaults:1 | Received a gift from Sif Muna
 75249 | Vaults:1 | Reached skill level 15 in Earth Magic
 76017 | Vaults:1 | Reached XP level 20. HP: 89/117 MP: 2/45
 76763 | Vaults:1 | Noticed Donald
 76767 | Vaults:1 | Killed Donald
 77787 | Vaults:2 | Reached skill level 10 in Fighting
 78258 | Vaults:2 | Noticed Frederick
 78264 | Vaults:2 | Killed Frederick
 78526 | Vaults:2 | Noticed a bone dragon
 78536 | Vaults:2 | Killed a bone dragon
 78536 | Vaults:2 | Received a gift from Sif Muna
 78539 | Vaults:2 | Identified Sif Muna's Catalogue of Transmigration and Companions (Sif Muna gifted it to you on level 2 of the Vaults)
 78691 | Vaults:2 | Found a staircase to the Crypt.
 79368 | Vaults:2 | Slain by an ettin

Action                   |  1- 3 |  4- 6 |  7- 9 | 10-12 | 13-15 | 16-18 | 19-21 || total
-------------------------+-------+-------+-------+-------+-------+-------+-------++-------
Melee: Unarmed           |     3 |       |       |       |       |       |       ||     3
       Dagger            |    32 |    18 |   127 |   265 |   160 |       |       ||   602
       Spear             |       |       |       |       |    31 |     3 |     2 ||    36
       Staff             |       |       |       |       |       |     7 |    22 ||    29
 Cast: Magic Dart        |    70 |   171 |   346 |   427 |   214 |    48 |     4 ||  1280
       Call Imp          |    13 |     3 |     4 |       |       |       |       ||    20
       Mephitic Cloud    |     2 |     5 |    28 |    41 |     9 |       |       ||    85
       Blink             |     1 |       |     5 |     7 |    20 |     6 |       ||    39
       Conjure Flame     |       |     3 |    26 |    61 |    49 |     4 |       ||   143
       Repel Missiles    |       |     2 |       |     3 |     1 |       |       ||     6
       Animate Skeleton  |       |       |    24 |    44 |   279 |   146 |       ||   493
       Animate Dead      |       |       |       |    19 |    12 |       |       ||    31
       Force Lance       |       |       |       |       |   173 |    88 |    33 ||   294
       Fireball          |       |       |       |       |   335 |   187 |    88 ||   610
       Ignite Poison     |       |       |       |       |    80 |   156 |       ||   236
       Iskenderun's Batt |       |       |       |       |    64 |    26 |     3 ||    93
       Airstrike         |       |       |       |       |    72 |    44 |       ||   116
       Iron Shot         |       |       |       |       |     6 |    31 |       ||    37
       Deflect Missiles  |       |       |       |       |     1 |     6 |     1 ||     8
       Bolt of Fire      |       |       |       |       |       |   200 |   191 ||   391
       Ring of Flames    |       |       |       |       |       |    13 |    20 ||    33
       Lehudib's Crystal |       |       |       |       |       |     2 |    32 ||    34
       Controlled Blink  |       |       |       |       |       |       |     1 ||     1
       Haste             |       |       |       |       |       |       |     1 ||     1
Invok: Channel Energy    |       |       |     1 |     5 |   154 |   136 |    68 ||   364
       Forget Spell      |       |       |       |       |     2 |     2 |       ||     4
 Abil: Evoke Invisibilit |       |       |       |       |       |     1 |       ||     1
Evoke: Wand              |       |       |     5 |     4 |     2 |     3 |     1 ||    15
  Use: Potion            |     5 |       |       |     1 |     3 |     7 |     2 ||    18
       Scroll            |       |     9 |     9 |     5 |    19 |    22 |     5 ||    69
 Stab: Sleeping          |       |     1 |     1 |     2 |     2 |       |       ||     6
       Confused          |       |       |     3 |    11 |     2 |       |       ||    16
  Eat: Chunk             |     2 |     8 |    19 |    32 |    82 |    71 |    37 ||   251
       Beef jerky        |       |       |       |       |     3 |     2 |       ||     5
       Pizza             |       |       |       |       |     2 |     2 |     1 ||     5
       Fruit             |       |       |       |       |     3 |    18 |     8 ||    29
       Royal jelly       |       |       |       |       |     1 |     3 |     1 ||     5
